SAAA
AUGUSTA TIMBER HAWKS @ ALLOWAY HALBERDS
09/02/2022
 
TOP OF THE 1ST
Augusta Timber Hawks batting - Pitching for Alloway Halberds : RHP Jim Unknown
Pitching: RHP Jim Unknown
Batting: LHB Brad Lawrence 0-0: Called Strike
0-1: Bunted foul
0-2: Ball
1-2: Ball
2-2: Foul Ball, location: 2F
2-2: Ball
3-2: Foul Ball, location: 2F
3-2: Ground out 1-3 (Groundball, 15)
Batting: LHB Ray Merrill 0-0: Ball
1-0: Ground out 4-3 (Groundball, 4)
Batting: LHB Alberto Torres 0-0: Foul Ball, location: 2F
0-1: Ball
1-1: Ball
2-1: SINGLE (Groundball, 3D)
Batting: LHB Emílio Barbán 0-0: Called Strike
0-1: Ball
1-1: Ground out 4-3 (Groundball, 4)
Top of the 1st over - 0 run(s), 1 hit(s), 0 error(s), 1 left on base; Augusta 0 - Alloway 0
BOTTOM OF THE 1ST
Alloway Halberds batting - Pitching for Augusta Timber Hawks : RHP Jimmy Whittier
Pitching: RHP Jimmy Whittier
Batting: LHB Ramón Rivera 0-0: Ball
1-0: SINGLE (Groundball, 34)
Batting: RHB Tracy Larson 0-0: Swinging Strike
0-1: Ball
1-1: Ball
2-1: Ball
3-1: Hit by Pitch
Ramón Rivera to second
Batting: RHB Dave Ash 0-0: Foul Ball, location: 2F
0-1: Foul Ball, location: 2F
0-2: Ball
1-2: Ball
2-2: SINGLE (Flyball, 9M)
Ramón Rivera to third
Tracy Larson to second
Runner from 3rd tries for Home, SAFE, throw made at trailing runner, OUT at third!
Batting: RHB Stefano Gaddi 0-0: Called Strike
0-1: Ball
1-1: Ball
2-1: Reached on error, E5 (Groundball, 56)
Dave Ash to second
Batting: RHB Nam-sup Yi 0-0: Ball
1-0: Ball
2-0: Ball
3-0: Called Strike
3-1: Called Strike
3-2: Fly out, F9 (Flyball, 9LMF)
3-2: Fly out, F9 (Flyball, 9LMF)
Batting: RHB Juan Martínez 0-0: Ball
1-0: Ball
2-0: Called Strike
2-1: Called Strike
2-2: Ground out 5-3 (Groundball, 56S)
Bottom of the 1st over - 1 run(s), 2 hit(s), 1 error(s), 2 left on base; Augusta 0 - Alloway 1
TOP OF THE 2ND
Augusta Timber Hawks batting - Pitching for Alloway Halberds : RHP Jim Unknown
Batting: SHB Jason Alexander 0-0: Foul Ball, location: 2F
0-1: Called Strike
0-2: Ground out 4-3 (Groundball, 4)
Batting: RHB Hiwahikeiki Noelani 0-0: Ball
1-0: SINGLE (Groundball, 56D)
Batting: RHB Justin Miles 0-0: DOUBLE (Line Drive, 7LS)
Hiwahikeiki Noelani to third
Runner from 3rd tries for Home, SAFE, no throw or cutoff
Batting: RHB Claudio Mendoza 0-0: Called Strike
0-1: Swinging Strike
0-2: Foul Ball, location: 2F
0-2: Ball
1-2: Ball
2-2: Strikes out swinging
Batting: LHB Gustavo Vázquez 0-0: Ball
1-0: Called Strike
1-1: Ground out 4-3 (Groundball, 34)
Top of the 2nd over - 1 run(s), 2 hit(s), 0 error(s), 1 left on base; Augusta 1 - Alloway 1
BOTTOM OF THE 2ND
Alloway Halberds batting - Pitching for Augusta Timber Hawks : RHP Jimmy Whittier
Batting: SHB Ron Peterson 0-0: Ball
1-0: Ball
2-0: Fly out, F7 (Flyball, 78M)
Batting: LHB Mark Crawford 0-0: Ball
1-0: Called Strike
1-1: Ball
2-1: Called Strike
2-2: Foul Ball, location: 2F
2-2: Ball
3-2: Strikes out swinging
Batting: RHB Maurice Wiebe 0-0: Swinging Strike
0-1: Foul Ball, location: 2F
0-2: Ball
1-2: Strikes out swinging
Bottom of the 2nd over - 0 run(s), 0 hit(s), 0 error(s), 0 left on base; Augusta 1 - Alloway 1
TOP OF THE 3RD
Augusta Timber Hawks batting - Pitching for Alloway Halberds : RHP Jim Unknown
Batting: LHB Brad Lawrence 0-0: Ball
1-0: Called Strike
1-1: Foul Ball, location: 2F
1-2: SINGLE (Line Drive, 34D)
Batting: LHB Ray Merrill 0-0: Called Strike
0-1: Foul Ball, location: 2F
0-2: Ball
1-2: Ball
2-2: Grounds into double play, 4-6-3 (Groundball, 4)
Batting: LHB Alberto Torres 0-0: Fly out, F3 (Line Drive, 3)
Top of the 3rd over - 0 run(s), 1 hit(s), 0 error(s), 0 left on base; Augusta 1 - Alloway 1
BOTTOM OF THE 3RD
Alloway Halberds batting - Pitching for Augusta Timber Hawks : RHP Jimmy Whittier
Batting: LHB Ramón Rivera 0-0: SINGLE (Groundball, 4MD)
Batting: RHB Tracy Larson 0-0: DOUBLE (Flyball, 89XD)
Ramón Rivera to third
Batting: RHB Dave Ash 0-0: Called Strike
0-1: Foul Ball, location: 2F
0-2: Ball
1-2: Ball
2-2: Ball
3-2: Strikes out swinging
Batting: RHB Stefano Gaddi 0-0: Ground out 5-3 (Groundball, 56)
Ramón Rivera scores
Batting: RHB Nam-sup Yi 0-0: Ground out 5-3 (Groundball, 5)
Bottom of the 3rd over - 1 run(s), 2 hit(s), 0 error(s), 1 left on base; Augusta 1 - Alloway 2
TOP OF THE 4TH
Augusta Timber Hawks batting - Pitching for Alloway Halberds : RHP Jim Unknown
Batting: LHB Emílio Barbán 0-0: Foul Ball, location: 2F
0-1: SINGLE (Groundball, 3D)
Batting: SHB Jason Alexander 0-0: Ball
1-0: Grounds into double play, 6-4-3 (Groundball, 6)
Batting: RHB Hiwahikeiki Noelani 0-0: Swinging Strike
0-1: SINGLE (Line Drive, 4D)
Batting: RHB Justin Miles 0-0: Swinging Strike
0-1: Called Strike
0-2: Fielders Choice at 2nd, 6-4 (Groundball, 6)
Top of the 4th over - 0 run(s), 2 hit(s), 0 error(s), 0 left on base; Augusta 1 - Alloway 2
BOTTOM OF THE 4TH
Alloway Halberds batting - Pitching for Augusta Timber Hawks : RHP Jimmy Whittier
Batting: RHB Juan Martínez 0-0: Called Strike
0-1: Ball
1-1: Foul Ball, location: 2F
1-2: Ball
2-2: Fly out, F6 (Popup, 6M)
Batting: SHB Ron Peterson 0-0: Ball
1-0: Ball
2-0: Called Strike
2-1: Called Strike
2-2: Strikes out swinging
Batting: LHB Mark Crawford 0-0: Called Strike
0-1: Swinging Strike
0-2: Ball
1-2: Ball
2-2: Strikes out swinging
Bottom of the 4th over - 0 run(s), 0 hit(s), 0 error(s), 0 left on base; Augusta 1 - Alloway 2
TOP OF THE 5TH
Augusta Timber Hawks batting - Pitching for Alloway Halberds : RHP Jim Unknown
Batting: RHB Claudio Mendoza 0-0: Ball
1-0: Called Strike
1-1: Ball
2-1: Fly out, F7 (Line Drive, 7M)
Batting: LHB Gustavo Vázquez 0-0: Called Strike
0-1: Ball
1-1: Foul Ball, location: 2F
1-2: Foul Ball, location: 2F
1-2: Ball
2-2: Ball
3-2: Foul Ball, location: 2F
3-2: Ground out 6-3 (Groundball, 6M)
Batting: LHB Brad Lawrence 0-0: SOLO HOME RUN (Line Drive, 89XD), Distance : 421 ft
Batting: LHB Ray Merrill 0-0: SINGLE (Groundball, 3D)
Batting: LHB Alberto Torres 0-0: Ball
1-0: Called Strike
1-1: Ball
2-1: Foul Ball, location: 2F
2-2: Ball
3-2: Foul Ball, location: 2F
3-2: Foul Ball, location: 2F
3-2: SINGLE (Groundball, 56D)
Ray Merrill to second
Ray Merrill to third
Batting: LHB Emílio Barbán 0-0: Called Strike
0-1: Ball
1-1: Fly out, F8 (Flyball, 8RXD)
Top of the 5th over - 1 run(s), 3 hit(s), 0 error(s), 2 left on base; Augusta 2 - Alloway 2
BOTTOM OF THE 5TH
Alloway Halberds batting - Pitching for Augusta Timber Hawks : RHP Jimmy Whittier
Batting: RHB Maurice Wiebe 0-0: Swinging Strike
0-1: Foul Ball, location: 2F
0-2: Foul Ball, location: 2F
0-2: Ball
1-2: Strikes out swinging
Batting: LHB Ramón Rivera 0-0: Ball
1-0: Ball
2-0: Called Strike
2-1: Ball
3-1: Base on Balls
Batting: RHB Tracy Larson 0-0: Grounds into double play, 4-6-3 (Groundball, 4)
Bottom of the 5th over - 0 run(s), 0 hit(s), 0 error(s), 0 left on base; Augusta 2 - Alloway 2
TOP OF THE 6TH
Augusta Timber Hawks batting - Pitching for Alloway Halberds : RHP Jim Unknown
Batting: SHB Jason Alexander 0-0: Called Strike
0-1: Foul Ball, location: 2F
0-2: Ball
1-2: DOUBLE (Line Drive, 9D)
Batting: RHB Hiwahikeiki Noelani 0-0: Foul Ball, location: 2F
0-1: Ground out 6-3 (Groundball, 56)
Batting: RHB Justin Miles 0-0: Ball
1-0: Foul Ball, location: 2F
1-1: Swinging Strike
1-2: Ball
2-2: SINGLE (Line Drive, 4D)
Jason Alexander to third
Runner from 3rd tries for Home, SAFE, throw made home
Justin Miles to second
Batting: RHB Claudio Mendoza 0-0: Ball
1-0: Ball
2-0: Called Strike
2-1: 2-RUN HOME RUN (Flyball, 78XD), Distance : 424 ft
Batting: LHB Gustavo Vázquez 0-0: Foul Ball, location: 2F
0-1: Ball
1-1: Foul Ball, location: 2F
1-2: Fly out, F5 (Popup, 25)
Batting: LHB Brad Lawrence 0-0: Called Strike
0-1: Ball
1-1: Called Strike
1-2: Ball
2-2: Ball
3-2: SINGLE (Flyball, 6MD)
Batting: LHB Ray Merrill 0-0: Foul Ball, location: 2F
Pickoff Throw to First - Error! E1
Brad Lawrence to second
0-1: Ground out 6-3 (Groundball, 6)
Top of the 6th over - 3 run(s), 4 hit(s), 1 error(s), 1 left on base; Augusta 5 - Alloway 2
BOTTOM OF THE 6TH
Alloway Halberds batting - Pitching for Augusta Timber Hawks : RHP Jimmy Whittier
Batting: RHB Dave Ash 0-0: DOUBLE (Flyball, 89D)
Batting: RHB Stefano Gaddi 0-0: Fly out, F4 (Popup, 9S)
Batting: RHB Nam-sup Yi 0-0: Foul Ball, location: 2F
0-1: TRIPLE (Flyball, 8LXD)
Dave Ash scores
Batting: RHB Juan Martínez 0-0: Ball
1-0: Fly out, F8 (Flyball, 8LS)
Batting: SHB Ron Peterson 0-0: Called Strike
0-1: 2-RUN HOME RUN (Flyball, 9LD), Distance : 365 ft
Batting: LHB Mark Crawford 0-0: Ground out 6-3 (Groundball, 6)
Bottom of the 6th over - 3 run(s), 3 hit(s), 0 error(s), 0 left on base; Augusta 5 - Alloway 5
TOP OF THE 7TH
Augusta Timber Hawks batting - Pitching for Alloway Halberds : RHP Jim Unknown
Batting: LHB Alberto Torres 0-0: Ball
1-0: Ball
2-0: Ball
3-0: Base on Balls
Pitching: LHP Peyton Leach
Batting: LHB Emílio Barbán 0-0: Ball
1-0: Ball
2-0: Ball
3-0: Called Strike
3-1: Called Strike
3-2: Foul Ball, location: 2F
3-2: Foul Ball, location: 2F
3-2: Base on Balls
Alberto Torres to second
Pinch Runner at 2nd Phil Moore:
Batting: SHB Jason Alexander 0-0: Ball
1-0: Foul Ball, location: 2F
1-1: Swinging Strike
1-2: Fly out, F7 (Flyball, 7D)
Batting: RHB Hiwahikeiki Noelani 0-0: Ball
1-0: Called Strike
1-1: Ball
2-1: Ball
3-1: Foul Ball, location: 2F
3-2: Base on Balls
Phil Moore to third
Emílio Barbán to second
Batting: RHB Justin Miles 0-0: Called Strike
0-1: Ball
1-1: SINGLE (Flyball, 8RS)
Phil Moore scores
Emílio Barbán to third
Hiwahikeiki Noelani to second
Batting: RHB Claudio Mendoza 0-0: Called Strike
0-1: Called Strike
0-2: Ball
1-2: Ball
2-2: Strikes out looking
Pinch Hitting: LHB Mike Hanson 0-0: Called Strike
0-1: SINGLE (Flyball, 8RS)
Emílio Barbán scores
Hiwahikeiki Noelani to third
Justin Miles to second
Runner from 3rd tries for Home, SAFE, no throw or cutoff
Batting: LHB Brad Lawrence 0-0: Ball
1-0: Fly out, F5 (Popup, 5SF)
Top of the 7th over - 3 run(s), 2 hit(s), 0 error(s), 2 left on base; Augusta 8 - Alloway 5
BOTTOM OF THE 7TH
Alloway Halberds batting - Pitching for Augusta Timber Hawks : RHP Jimmy Whittier
Now at 1B: Phil Moore
Now in CF: Mike Hanson
Batting: RHB Maurice Wiebe 0-0: Foul Ball, location: 2F
0-1: Swinging Strike
0-2: Foul Ball, location: 2F
0-2: Fly out, F3 (Popup, 3SF)
Batting: LHB Ramón Rivera 0-0: Ball
1-0: Called Strike
1-1: Ball
2-1: Ground out U3 (Groundball, 3)
Batting: RHB Tracy Larson 0-0: Ground out 4-3 (Groundball, 4M)
Bottom of the 7th over - 0 run(s), 0 hit(s), 0 error(s), 0 left on base; Augusta 8 - Alloway 5
TOP OF THE 8TH
Augusta Timber Hawks batting - Pitching for Alloway Halberds : LHP Peyton Leach
Batting: LHB Ray Merrill 0-0: Ball
1-0: Foul Ball, location: 2F
1-1: Called Strike
1-2: Ball
2-2: Ball
3-2: Ground out 6-3 (Groundball, 6)
Batting: SHB Phil Moore 0-0: Ball
1-0: Ball
2-0: Foul Ball, location: 2F
2-1: Foul Ball, location: 2F
2-2: Ball
3-2: Foul Ball, location: 2F
3-2: Base on Balls
Pitching: RHP Joe Holmes
Batting: LHB Emílio Barbán 0-0: Swinging Strike
0-1: SINGLE (Groundball, 23) (infield hit)
Phil Moore to second
Batting: SHB Jason Alexander 0-0: SINGLE (Groundball, 4MD)
Phil Moore to third
Emílio Barbán to second
Batting: RHB Hiwahikeiki Noelani 0-0: Fly out, F8 (Flyball, 89XD)
Runner from 3rd tags up, SCORES, no throw
Batting: RHB Justin Miles 0-0: Fly out, F4 (Popup, 4D)
Top of the 8th over - 1 run(s), 2 hit(s), 0 error(s), 2 left on base; Augusta 9 - Alloway 5
BOTTOM OF THE 8TH
Alloway Halberds batting - Pitching for Augusta Timber Hawks : RHP Jimmy Whittier
Batting: RHB Dave Ash 0-0: Called Strike
0-1: Ball
1-1: Called Strike
1-2: Ground out U3 (Groundball, 3L)
Batting: RHB Stefano Gaddi 0-0: Called Strike
0-1: Ground out 5-3 (Groundball, 56)
Pitching: RHP Aaron O'Neill
Batting: RHB Nam-sup Yi 0-0: SINGLE (Groundball, 56)
Batting: RHB Juan Martínez 0-0: Ball
1-0: Called Strike
1-1: Ball
2-1: Ball
3-1: Ground out 4-3 (Groundball, 4)
Bottom of the 8th over - 0 run(s), 1 hit(s), 0 error(s), 1 left on base; Augusta 9 - Alloway 5
TOP OF THE 9TH
Augusta Timber Hawks batting - Pitching for Alloway Halberds : RHP Joe Holmes
Batting: RHB Claudio Mendoza 0-0: Ground out 4-3 (Groundball, 4M)
Batting: LHB Mike Hanson 0-0: Called Strike
0-1: Foul Ball, location: 2F
0-2: Hit by Pitch
Batting: LHB Brad Lawrence 0-0: Ball
Mike Hanson steals 2nd base
1-0: Called Strike
1-1: Ball
2-1: Called Strike
2-2: Foul Ball, location: 2F
2-2: Ball
3-2: Base on Balls
Batting: LHB Ray Merrill 0-0: SINGLE (Groundball, 4MD)
Mike Hanson to third
Brad Lawrence to second
Batting: SHB Phil Moore 0-0: Ball
1-0: Ball
2-0: SINGLE (Groundball, 56D)
Mike Hanson scores
Brad Lawrence to third
Ray Merrill to second
Runner from 3rd tries for Home, SAFE, no throw or cutoff
Batting: LHB Emílio Barbán 0-0: Ball
1-0: Foul Ball, location: 2F
1-1: Ball
2-1: Foul Ball, location: 2F
2-2: Hit by Pitch
Ray Merrill to third
Phil Moore to second
Batting: SHB Jason Alexander 0-0: Ball
1-0: Ball
2-0: Ball
3-0: Called Strike
3-1: DOUBLE (Line Drive, 9LM)
Ray Merrill scores
Phil Moore scores
Emílio Barbán to third
Pitching: RHP Steve Terry
Batting: RHB Hiwahikeiki Noelani 0-0: Swinging Strike
0-1: Ball
1-1: Ball
2-1: Foul Ball, location: 2F
2-2: SINGLE (Flyball, 89S)
Emílio Barbán scores
Jason Alexander to third
Batting: RHB Justin Miles 0-0: Called Strike
Hiwahikeiki Noelani steals 2nd base
0-1: Ball
1-1: Ball
2-1: Ball
3-1: Base on Balls
Batting: RHB Claudio Mendoza 0-0: Ball
1-0: Called Strike
1-1: Ball
2-1: Ball
3-1: Base on Balls
Jason Alexander scores
Hiwahikeiki Noelani to third
Justin Miles to second
Batting: LHB Mike Hanson 0-0: Ball
1-0: Foul Ball, location: 2F
1-1: Ball
2-1: Ball
3-1: Called Strike
3-2: Foul Ball, location: 2F
3-2: Fly out, F7 (Flyball, 78M)
Runner from 3rd tags up, SCORES, no throw
Batting: LHB Brad Lawrence 0-0: Called Strike
0-1: Ball
1-1: Called Strike
1-2: Ball
2-2: Ball
3-2: Ground out U3 (Groundball, 3)
Top of the 9th over - 7 run(s), 4 hit(s), 0 error(s), 2 left on base; Augusta 16 - Alloway 5
BOTTOM OF THE 9TH
Alloway Halberds batting - Pitching for Augusta Timber Hawks : RHP Aaron O'Neill
Batting: SHB Ron Peterson 0-0: Called Strike
0-1: Foul Ball, location: 2F
0-2: Ball
1-2: Ball
2-2: Strikes out looking
Batting: LHB Mark Crawford 0-0: Ball
1-0: Called Strike
1-1: Ball
2-1: SINGLE (Groundball, 4M)
Batting: RHB Maurice Wiebe 0-0: Grounds into double play, 5-4-3 (Groundball, 56)
Bottom of the 9th over - 0 run(s), 1 hit(s), 0 error(s), 0 left on base; Augusta 16 - Alloway 5
This league is powered by Out of the Park Baseball, the baseball management simulation game for PC, Mac and Linux
Friday, April 15th, 2016 - OOTP Baseball 16.9 Build 39